AoeStats
← Old Hobo

Black Forest

505984993Analyzed
3v3 RM · 21d ago on Sep 11, 2026· 45m 22s· 6 players
Game mode
Random Map
Map size
Normal (6 player)
Population
200
Speed
Normal
Resources
Standard
Victory
Conquest
Starting age
Dark Age
Ending age
Imperial Age
RankedLock teamsTeams togetherTeam positionsShared explorationLock speedFull tech treeHidden civsTurbo modeCheats
Victory
Defeat
🇲🇽 Wei · Mexico
804
+11
🇨🇭 Lithuanians · Switzerland
769
+12
🇳🇱 Japanese · Netherlands
663
+16
🇲🇽 Poles · Mexico
690
-13
🇨🇿 Vikings · Czechia
690
-13
🇺🇸 Chinese · United States
689
-13
Old Hobo
5:30 Loom
15:27 Feudal Age
25:23 Castle Age
27:27 Wheelbarrow
30:47 Ballistics
34:17 Double-Bit Axe
34:24 Gold Mining
34:17 Horse Collar
35:26 Stone Mining
36:14 Gold Shaft Mining
35:50 Bow Saw
35:43 Heavy Plow
39:34 Imperial Age
37:50 Stone Shaft Mining
38:17 Fortified Wall
38:53 Great Wall
40:40 Murder Holes
40:58 Masonry
42:49 Architecture
KcoasRaulMx
1:03 Loom
15:25 Feudal Age
16:21 Double-Bit Axe
ttoommaass300
1:18 Loom
16:40 Feudal Age
21:23 Castle Age
iD SharKy
0:56 Loom
15:43 Feudal Age
17:57 Fletching
25:58 Castle Age
32:20 Elite Skirmisher
35:06 Ballistics
36:35 Sanctity
42:47 Imperial Age
40:06 Double-Bit Axe
40:07 Horse Collar
41:14 Thumb Ring
43:36 Gold Mining
43:37 Stone Mining
44:59 Wheelbarrow
44:09 Town Watch
46:36 Chemistry
45:33 Murder Holes
pigmeroid
1:07 Loom
12:56 Feudal Age
13:27 Horse Collar
13:37 Double-Bit Axe
23:57 Bloodlines
26:00 Castle Age
24:37 Wheelbarrow
24:39 Scale Barding Armor
26:26 Forging
26:08 Light Cavalry
26:50 Husbandry
28:47 Chain Barding Armor
29:03 Iron Casting
30:18 Bow Saw
30:27 Heavy Plow
30:46 Thumb Ring
33:14 Hand Cart
33:16 Padded Archer Armor
33:10 Fletching
33:27 Town Watch
34:44 Bodkin Arrow
35:59 Leather Archer Armor
36:10 Town Patrol
41:43 Imperial Age
42:59 Conscription
44:00 Tower Shields
45:18 Elite Leitis
HaraldOwnsYou
8:11 Loom
10:45 Feudal Age
12:13 Wheelbarrow
12:01 Double-Bit Axe
14:45 Horse Collar
14:34 Man-at-Arms
16:44 Arson
19:11 Scale Mail Armor
19:22 Forging
23:15 Castle Age
27:03 Scale Barding Armor
27:17 Chain Mail Armor
27:38 Iron Casting
26:29 Light Cavalry
27:20 Bloodlines
27:16 Husbandry
27:38 Bloodlines
27:29 Husbandry
31:29 Bow Saw
38:47 Imperial Age
36:59 Padded Archer Armor
36:51 Fletching
37:23 Chain Barding Armor
39:25 Thumb Ring
39:42 Thumb Ring
40:11 Parthian Tactics
39:13 Heavy Cavalry Archer
42:17 Plate Mail Armor
42:47 Blast Furnace
41:43 Bodkin Arrow
42:15 Ballistics
42:37 Leather Archer Armor
43:39 Caravan
Connection lost

Rejoining the realm…

Still unreachable

The connection could not be restored.

Session expired

The server has moved on; the page needs a fresh start.